 Dungeon Crawl Stone Soup version 0.32-a0-898-g7811c86cf0 (webtiles) character file.

Game seed: 9323480182609669193

23 HilariousDeathArtist the Trooper (level 2, -8/39 HPs)
             Began as a Barachi Berserker on Apr 4, 2024.
             Was a Follower of Trog.
             Mangled by Sigmund
             ... wielding a +0 scythe
              (10 damage)
             ... on level 2 of the Dungeon.
             The game lasted 00:01:22 (1165 turns).

HilariousDeathArtist the Trooper (BaBe)             Turns: 1165, Time: 00:01:22

Health: -8/39      AC:  8    Str: 18    XL:     2   Next: 95%
Magic:  2/2        EV:  9    Int:  7    God:    Trog [*.....]
Gold:   146        SH:  0    Dex: 11    Spells: 1/1 levels left

rFire   . . .        a - +0 falchion
rCold   . . .        (no shield)
rNeg    . . .        j - +0 scale mail
rPois   .            (no helmet)
rElec   .            (no cloak)
rCorr   .            g - +0 pair of gloves
SInv    .            l - +0 pair of boots
Will    .....        (no amulet) Stlth
                     (no ring)
HPRegen 0.26/turn    (no ring)
MPRegen 0.08/turn

%: no passive effects
@: berserking (expiring), very quick
A: amphibious, slowness 1, strong legs 1, +LOS
a: Hop, Renounce Religion, Berserk


You were on level 2 of the Dungeon.
You worshipped Trog.
Trog was aware of your devotion.
You visited 1 branch of the dungeon, and saw 2 of its levels.

You collected 146 gold pieces.

Inventory:

Hand Weapons
 a - a +0 falchion (weapon)
Missiles
 s - 5 stones (quivered)
Armour
 b - a +0 animal skin
 g - a +0 pair of gloves (worn)
   (You found it on level 1 of the Dungeon)
 j - a +0 scale mail (worn)
   (You found it on level 2 of the Dungeon)
 l - a +0 pair of boots (worn)
   (You found it on level 2 of the Dungeon)
Scrolls
 c - a scroll of vulnerability {unknown}
 f - 5 scrolls of identify {unknown}
 i - a scroll of poison {unknown}
 k - a scroll of fear {unknown}
Potions
 d - a potion of invisibility {unknown}
 e - 2 potions of curing {unknown}
 h - a potion of attraction {unknown}


   Skills:
 + Level 4.9 Fighting
 - Level 3.6 Long Blades
 - Level 2.4 Armour
 - Level 2.1 Dodging


You had one spell level left.
You didn't know any spells.
Your spell library was empty.

Dungeon Overview and Level Annotations

Branches:
Dungeon (2/15)

Altars:

Shops:
D:1 !:(

Annotations:
D:2 Sigmund


Innate Abilities, Weirdness & Mutations

You are amphibious.
You cover ground slowly.
You can hop short distances.
You have an extended range of vision and can be seen from far away.


Message History

You see here a book of Cantrips.
You open the door.
There is an open door here.
There is an entrance to Miumaf's Weapon Shoppe here.
There is an open door here.
You enter the deep water.
You enter the deep water.
Done exploring.
Done exploring.
No target in view!
Done exploring.
Done exploring.
Done exploring.
You enter the deep water.
You enter the deep water.
There is a stone staircase leading down here.
You climb downwards.
There is a stone staircase leading up here.
A rat is nearby!
Unknown command.
A rat is nearby!
You throw a stone. The stone hits the rat.
The rat squeaks loudly.
You throw a stone. The stone hits the rat.
You hit the rat.
You kill the rat!
Trog accepts your kill.
No target in view!
No target in view!
No target in view!
You see here a +0 scale mail.
j - a +0 scale mail You start removing your armour.
You continue removing your +0 animal skin. x4
You finish removing your +0 animal skin.
You start putting on your armour.
You continue putting on your +0 scale mail. x5
You finish putting on your +0 scale mail.
You now have enough gold to buy a potion of mutation on D:1.
You now have 124 gold pieces (gained 18).
You now have enough gold to buy a +1 mace of protection on D:1.
You now have 133 gold pieces (gained 9).
No target in view!
k - a scroll labelled UTEAFA DIEMYO
Found a stone staircase leading down.
No target in view!
l - a +0 pair of boots You see here a +0 trident.
As you open the door, it creaks loudly!
No target in view!
You start putting on your armour.
You continue putting on your +0 pair of boots. x4
You finish putting on your +0 pair of boots.
There is an open door here.
You now have enough gold to buy a potion of haste on D:1.
You now have 146 gold pieces (gained 13).
Found a stone staircase leading up.
No target in view!
A dart slug comes into view.
A dart slug is nearby!
You hit the dart slug. The dart slug barely misses you.
You hit the dart slug but do no damage. You hit the dart slug.
The dart slug closely misses you.
You hit the dart slug.
You kill the dart slug!
Trog accepts your kill.
No target in view!
s - 5 stones (gained 2)
You open the door.
Sigmund the Dreaded comes into view.
He is wielding a +0 scythe.
Sigmund shouts!
Sigmund casts a spell.
Sigmund flickers and vanishes!
Deactivating autopickup; reactivate with Ctrl-A.
Found a stone staircase leading down.
You close the door.
Something unseen opens the door.
Something hits you!
You take 10 damage, and have 16/26 hp.
MASSIVE DAMAGE!!
A red film seems to cover your vision as you go berserk!
You feel yourself moving faster!
You feel mighty! Something hits you.
You now have 20/39 hp.
You feel a strong urge to attack something.
You miss something. Something hits you.
You take 1 damage, and have 19/39 hp.
You barely miss something. You closely miss something. Something hits you.
You take 4 damage, and have 15/39 hp.
You slash something! You barely miss something. Something hits you!
* * * LOW HITPOINT WARNING * * *
You take 7 damage, and have 8/39 hp.
You miss something. You hit something. Something hits you!
* * * LOW HITPOINT WARNING * * *
You take 7 damage, and have 2/39 hp.
You miss something. You hit something. Something hits you!
You die...

#########.# #.# #.#
#.### ##.#.##
...#####...#.##
..........###.####.####
...####.## ##{........
##.###@####.###.
#..#.## #.#.## #'###
... ..... .......
........{ +.........+


There were no monsters in sight!

Vanquished Creatures
  A dart slug (D:2)
  2 endoplasms (D:1)
  A giant cockroach (D:1)
  2 goblins (D:1)
  A hobgoblin (D:1)
  4 jackals (D:1)
  2 kobolds (D:1)
  3 ball pythons (D:1)
  A frilled lizard (D:1)
  A rat (D:2)
18 creatures vanquished.

Notes
Turn   | Place    | Note
-------+----------+-------------------------------------------
     0 | D:1      | HilariousDeathArtist the Barachi Berserker began the quest
                  | for the Orb.
     0 | D:1      | Reached XP level 1. HP: 18/18 MP: 1/1
    79 | D:1      | Reached skill level 4 in Fighting
   157 | D:1      | HP: 4/19 [jackal (1)]
   164 | D:1      | Reached XP level 2. HP: 11/25 MP: 2/2
   314 | D:1      | Found Miumaf's Weapon Shoppe.
   451 | D:1      | Found Muthun's Distillery.
   774 | D:1      | Found Beicw's Book Emporium.
  1140 | D:2      | Noticed Sigmund
  1161 | D:2      | HP: 8/39 [something (7)]
  1163 | D:2      | HP: 2/39 [something (7)]
  1165 | D:2      | Mangled by Sigmund

Illustrated notes

Levels and vault maps discovered:
D:1:      dpeg_arrival_rooms_with_view, layout_basic, serial_shops,
          nicolae_shop_hallway_plus, shop, nicolae_shop_hallway_plus,
          interstate_on_off
D:2:      layout_loops_corners, basic_altar, uniq_terence, uniq_sigmund

Skill      XL: |  1 |
---------------+----+-----
Fighting       | 4 |  4.9
Long Blades    | |  3.6
Armour         | |  2.4
Dodging        | |  2.1

Action                     || total
---------------------------++-------
  Melee: Falchion          ||    71
  Throw: Stone             ||     6
 Invoke: Berserk           ||     2
 Armour: Animal skin       ||    57
         Scale mail        ||     7
  Dodge: Dodged            ||    72

Table legend: (Time is in decaauts)
 A = Elapsed time spent in this place.
 B = Non-inter-level travel time spent in this place.
 C = Inter-level travel time spent in this place.
 D = Time resting spent in this place.
 E = Time spent auto-exploring this place.
 F = Levels seen in this place.
 G = Mean time per level.
                   A        B        C        D        E       F      G
               +--------+--------+--------+--------+--------+-----+--------+
         Total |   1336 |   1300 |     36 |      0 |   1101 |   2 |  668.0 |
       Dungeon |   1336 |   1300 |     36 |      0 |   1101 |   2 |  668.0 |
               +--------+--------+--------+--------+--------+-----+--------+

Top non-repeatable levels by time:
     D:1: 1126 daAuts
     D:2: 210 daAuts

Levels and vault maps discovered:
D:1:      dpeg_arrival_rooms_with_view, layout_basic, serial_shops,
          nicolae_shop_hallway_plus, shop, nicolae_shop_hallway_plus,
          interstate_on_off
D:2:      layout_loops_corners, basic_altar, uniq_terence, uniq_sigmund

Table legend: (Time is in decaauts)
 A = Elapsed time spent in this place.
 B = Non-inter-level travel time spent in this place.
 C = Inter-level travel time spent in this place.
 D = Time resting spent in this place.
 E = Time spent auto-exploring this place.
 F = Levels seen in this place.
 G = Mean time per level.
                   A        B        C        D        E       F      G
               +--------+--------+--------+--------+--------+-----+--------+
         Total |   1336 |   1300 |     36 |      0 |   1101 |   2 |  668.0 |
       Dungeon |   1336 |   1300 |     36 |      0 |   1101 |   2 |  668.0 |
               +--------+--------+--------+--------+--------+-----+--------+

Top non-repeatable levels by time:
     D:1: 1126 daAuts
     D:2: 210 daAuts

Table legend:
 A = Kills in this place as a percentage of kills in the entire game.
 B = Kills by you in this place as a percentage of kills by you in the entire game.
 C = Kills by friends in this place as a percentage of kills by friends in the entire game.
 D = Other kills in this place as a percentage of other kills in the entire game.
 E = Experience gained in this place as a percentage of experience gained in the entire game.
 F = Experience gained in this place divided by the number of levels of this place that you have seen.
                   A       B       C       D       E      F
               +-------+-------+-------+-------+-------+----------------------
         Total | 100.0 | 100.0 |   N/A |   N/A | 100.0 |  16.5
       Dungeon | 100.0 | 100.0 |   N/A |   N/A | 100.0 |  16.5
               +-------+-------+-------+-------+-------+----------------------
